 Dungeon Crawl Stone Soup version 0.30-a0-366-g93dc600 (webtiles) character file.

Game seed: 6339058466589212935

259 dontdoit the Vexing (level 5, 0/28 HPs)
             Began as a Vampire Enchanter on Nov 17, 2022.
             Was a Priest of Lugonu.
             Slain by a quasit (1 damage)
             ... on level 3 of the Dungeon.
             The game lasted 00:09:18 (2685 turns).

dontdoit the Vexing (Vampire Enchanter)             Turns: 2685, Time: 00:09:18

Health: 0/28       AC:  2    Str:  7    XL:     5   Next: 95%
Magic:  6/8        EV: 13    Int: 18    God:    Lugonu [***...]
Gold:   127        SH:  0    Dex: 14    Spells: 1/9 levels left

rFire   . . .      SeeInvis +    a - +1 dagger (vamp)
rCold   + + .      Faith    .    (no shield)
rNeg    + + +      Spirit   .    b - +0 robe
rPois   ∞          Reflect  .    (no helmet)
rElec   .          Harm     .    (no cloak)
rCorr   .          Rampage  .    (no gloves)
Will    .....                    (no boots)
Stlth   +++++.....               c - amulet of regeneration
HPRegen 0.00/turn                (no ring)
MPRegen 0.11/turn                (no ring)

@: mighty, bloodless, inhibited regen, hasted, very quick
A: bloodless, fangs 3, see invisible, vampiric 2, dopey 1
a: Bat Form, Revivify, Renounce Religion, Depart the Abyss, Banish


You were on level 3 of the Dungeon.
You worshipped Lugonu.
Lugonu was most pleased with you.
You visited 1 branch of the dungeon, and saw 3 of its levels.

You collected 127 gold pieces.

Inventory:

Hand Weapons
 a - a +1 vampiric dagger (weapon)
Armour
 b - a +0 robe (worn)
Jewellery
 c - an amulet of regeneration (around neck)
Scrolls
 e - a scroll of identify {unknown}
 f - a scroll of blinking {unknown}
 h - a scroll of noise {unknown}
 k - 2 scrolls of teleportation
Potions
 d - a potion of mutation
 j - a potion of haste


   Skills:
 * Level 3.2 Short Blades
 + Level 3.1 Dodging
 + Level 5.4 Stealth
 + Level 2.6 Spellcasting
 * Level 6.4 Hexes
 + Level 1.3 Invocations


You had one spell level left.
You knew the following spells:

 Your Spells              Type           Power      Damage    Failure   Level
a - Ensorcelled Hibernat  Hex/Ice        28%        N/A       7%          2
b - Confusing Touch       Hex            25%        N/A       3%          3
c - Tukima's Dance        Hex            25%        N/A       3%          3

Your spell library contained the following spells:

 Spells                   Type           Power      Damage    Failure   Level
 Dazzling Flash           Conj/Hex       28%        N/A       14%         3


Dungeon Overview and Level Annotations

Branches:
Dungeon (3/15)

Altars:
Lugonu

Annotations:
D:3 1 transporter, Parcival's ghost, amateur MiBe


Innate Abilities, Weirdness & Mutations

You do not regenerate when monsters are visible.
You are frail without blood (-20% HP).
You can heal yourself when you bite living creatures.
You are immune to poison.
You have razor-sharp teeth.
You have supernaturally acute eyesight. (SInv)
You are afflicted with vampirism and can become a bat while bloodless.
You are dopey. (Int -2)


Message History

Casting: Ensorcelled Hibernation (safe; 6% risk of failure)
Confirm with . or Enter, or press ? or * to list all spells.
Your hands begin to glow red.
Parcival's ghost hits you!
You hit Parcival's ghost but do no damage.
Parcival's ghost is heavily damaged.
Parcival's ghost completely misses you.
You barely miss Parcival's ghost. Your bite misses Parcival's ghost.
Parcival's ghost is heavily damaged.
The quasit gives a chilling moan.
Parcival's ghost screams in joy, "As in life, so in death: Kill!
Kill!!
Kill!!!"
Parcival's ghost hits you!
* * * LOW HITPOINT WARNING * * *
It was a potion of mutation.
You feel extremely strange.
You feel stupid.
Parcival's ghost hits you but does no damage.
You hit Parcival's ghost but do no damage.
Parcival's ghost appears confused.
Parcival's ghost is heavily damaged.
You hit Parcival's ghost but do no damage.
You bite Parcival's ghost.
Parcival's ghost is severely damaged.
You hear a chilling moan.
The quasit bites you.
* * * LOW HITPOINT WARNING * * *
The quasit barely misses you. The quasit completely misses you.
It was a potion of haste.
You feel yourself speed up.
The quasit bites you but does no damage.
The quasit barely misses you. The quasit misses you.
The quasit bites you but does no damage.
The quasit claws you but does no damage.
The quasit barely misses you.
A quasit comes into view.
It was a potion of lignification.
You feel woody for a moment.
It was a potion of berserk rage.
You feel slightly irritated. The quasit barely misses you.
The quasit closely misses you. The quasit barely misses you.
It was a potion of might.
You feel very mighty all of a sudden. The quasit closely misses you.
The quasit claws you.
You die...

##...##........##.#
........##........#
............).....#
........##.##.##..######
##...##................#####
#...#######..###©####.....#
#...# #..##©###..#####.##
##### #.##......#..?.#..#
#.#...@#...#...##.#
#.#..##5.#......#.#
..#...#5.©..##..#.#
..##.#.....#.....#.# .
#....###=..##.##.#
##..#..(?.....#..# ###
#####..##.###
.####.©.####..(.#
#..............#.#


You could see 2 quasits.

Vanquished Creatures
  An ogre (D:2)
  A necrophage (D:3)
  Jessica (D:3)
  2 adders (D:2)
  A worm (D:2)
  2 dart slugs (D:2)
  9 endoplasms
  2 giant cockroaches (D:1)
  5 goblins
  4 hobgoblins
  4 jackals
  A quokka (D:2)
  4 ball pythons (D:1)
  7 bats
  11 frilled lizards
  7 kobolds
  4 rats
66 creatures vanquished.

Vanquished Creatures (others)
  3 plants (D:1)
3 creatures vanquished.

Grand Total: 69 creatures vanquished

Notes
Turn   | Place    | Note
-------+----------+-------------------------------------------
     0 | D:1      | dontdoit the Vampire Enchanter began the quest for the Orb.
     0 | D:1      | Reached XP level 1. HP: 13/13 MP: 3/3
    95 | D:1      | Reached XP level 2. HP: 19/19 MP: 5/5
    98 | D:1      | Learned a level 2 spell: Ensorcelled Hibernation
   245 | D:1      | Found a faded altar of an unknown god.
   257 | D:1      | Prayed at the altar of an unknown god.
   257 | D:1      | Became a worshipper of Lugonu the Unformed
   257 | D:1      | Reached * piety under Lugonu
   257 | D:1      | Reached ** piety under Lugonu
   335 | D:1      | Reached skill level 5 in Hexes
   622 | D:1      | Gained mutation: You are afflicted with vampirism and can
                  | become a bat while bloodless. [Vampire growth]
   622 | D:1      | Reached XP level 3. HP: 23/24 MP: 1/6
   632 | D:1      | Learned a level 3 spell: Confusing Touch
  1282 | D:2      | Reached XP level 4. HP: 22/24 MP: 0/7
  1310 | D:2      | Reached *** piety under Lugonu
  1634 | D:2      | Noticed an ogre
  1654 | D:2      | Killed an ogre
  1655 | D:2      | Reached skill level 5 in Stealth
  1655 | D:2      | Reached skill level 6 in Hexes
  1655 | D:2      | Reached skill level 1 in Invocations
  1655 | D:2      | Reached XP level 5. HP: 28/28 MP: 2/8
  1659 | D:2      | Learned a level 3 spell: Tukima's Dance
  2236 | D:3      | Identified the +1 ring mail of Card Tricks {rElec rPois}
  2595 | D:3      | Noticed Jessica
  2604 | D:3      | Killed Jessica
  2638 | D:3      | Found a transporter.
  2650 | D:3      | Noticed Parcival's ghost (amateur MiBe)
  2663 | D:3      | Found a transporter.
  2676 | D:3      | Gained mutation: You are dopey. (Int -2) [potion of
                  | mutation]
  2678 | D:3      | HP: 1/28 [quasit (2)]
  2685 | D:3      | Slain by a quasit

Illustrated notes

Levels and vault maps discovered:
D:1:      lightli_arrival_boilingwater, layout_basic,
          ebering_ecumenical_altar_petrified, minmay_misc_feat_nine_boxes,
          serial_bayou_pond_a, minmay_lizard_king
D:2:      minmay_skewed_foursquare, layout_loops_cross
D:3:      layout_loops_corners, gammafunk_ghost_stat_death, uniq_jessica

Skill      XL: |  1  2  3  4  5 |
---------------+----------------+-----
Hexes          | 5 6 |  6.4
Short Blades   | 2 3 |  3.2
Stealth        | 5 |  5.4
Invocations    | 1 |  1.3
Dodging        | 3 |  3.1
Spellcasting   | |  2.6

Action                   |  1- 3 |  4- 6 || total
-------------------------+-------+-------++-------
Melee: Dagger            |    86 |    43 ||   129
       Bite              |     8 |     6 ||    14
 Cast: Ensorcelled Hiber |    20 |    19 ||    39
       Confusing Touch   |       |     1 ||     1
 Abil: Exsanguinate      |     1 |       ||     1
  Use: Potion            |     1 |     6 ||     7
       Scroll            |     3 |       ||     3
 Stab: Sleeping          |    32 |    17 ||    49
       Invisible         |     2 |     1 ||     3
Armor: Robe              |     6 |     9 ||    15
Dodge: Dodged            |    50 |    27 ||    77

Table legend: (Time is in decaauts)
 A = Elapsed time spent in this place.
 B = Non-inter-level travel time spent in this place.
 C = Inter-level travel time spent in this place.
 D = Time resting spent in this place.
 E = Time spent auto-exploring this place.
 F = Levels seen in this place.
 G = Mean time per level.
                   A        B        C        D        E       F      G
               +--------+--------+--------+--------+--------+-----+--------+
         Total |   2673 |   2566 |    107 |      0 |   2007 |   3 |  891.0 |
       Dungeon |   2673 |   2566 |    107 |      0 |   2007 |   3 |  891.0 |
               +--------+--------+--------+--------+--------+-----+--------+

Top non-repeatable levels by time:
     D:2: 1092 daAuts
     D:1: 972 daAuts
     D:3: 609 daAuts
